Map: Abyssal Reef LE

Players

Juxtapose - Winner!

  • Race: Protoss Protoss
  • Spawn Location: 11:00

A.I. 1 (Harder)

  • Race: Terran Terran
  • Spawn Location: 5:00

VOD

https://youtu.be/CTXneCjuQCI

Description

The game did indeed recognize that Very Hard was too tough for me, and dropped me back down to Harder.

Which proved too easy. So we'll see what it does to balance things out over the next few games.

I love how Abyssal Reef LE is under water though! Watching corpses float away is fantastic!

Time

  • Played on: Feb. 12, 2017, 10:52 a.m.
  • Length: 8:34
Show
View Real Time Build Order
Export as new Build Order

Juxtapose Protoss - Winner!

Build Orders: Blink Stalkers 

Get SALT Encoding   

  12  0:02  Probe (Chrono Boost)  
  13  0:15  Pylon  
  13  0:18  Probe (Chrono Boost)  
  14  0:29  Probe (Chrono Boost)  
  15  0:39  Gateway  
  15  0:41  Probe (Chrono Boost)  
  16  0:51  Probe (Chrono Boost)  
  16  0:53  Pylon  
  17  1:02  Probe (Chrono Boost)  
  18  1:05  Assimilator  
  18  1:12  Probe (Chrono Boost)  
  19  1:23  Probe (Chrono Boost)  
  20  1:34  Assimilator  
  20  1:36  Probe (Chrono Boost)  
  21  1:40  Zealot, Cybernetics Core  
  23  1:49  Pylon  
  23  1:51  Probe (Chrono Boost)  
  24  2:04  Zealot  
  26  2:20  Gateway  
  26  2:23  Forge  
  26  2:28  Zealot  
  28  2:46  Pylon  
  28  2:54  Twilight Council, Zealot  
  30  3:05  Warp Gate  
  30  3:12  Stalker  
  32  3:22  Protoss Ground Weapons Level 1  
  32  3:32  Mothership Core (Chrono Boost)  
  34  3:34  Blink  
  34  3:42  Stalker  
  36  4:12  Robotics Facility  
  36  4:14  Stalker  
  36  4:15  Gateway  
  36  4:17  Stalker  
  40  4:57  Nexus  
  40  4:58  Pylon  
  40  5:00  Pylon  
  40  5:16  Sentry x2, Protoss Ground Armor Level 1  
  44  5:31  Photon Cannon  
  44  5:32  Photon Cannon  
  44  5:37  Probe (Chrono Boost)  
  45  5:44  Immortal  
  49  6:18  Immortal  
  49  6:23  Charge  
  53  6:30  Probe (Chrono Boost)  
  52  6:41  Probe (Chrono Boost)  
  51  6:52  Probe (Chrono Boost)  
  51  6:53  Immortal  
  56  7:02  Probe (Chrono Boost)  
  56  7:03  Zealot  
  59  7:13  Probe (Chrono Boost)  
  60  7:23  Probe (Chrono Boost)  
  61  7:32  Warp Prism  
  61  7:34  Probe (Chrono Boost)  
  62  7:39  Stalker x2  
  62  7:40  Stalker  
Show
View Real Time Build Order
Export as new Build Order

A.I. 1 (Harder) Terran 

Build Orders: MMM Bio 

Get SALT Encoding   

  12  0:00  SCV  
  13  0:13  SCV  
  14  0:19  Supply Depot  
  14  0:25  SCV  
  15  0:40  SCV  
  15  0:42  Barracks  
  16  0:50  Refinery  
  16  0:52  SCV  
  17  1:04  SCV  
  18  1:16  SCV  
  19  1:22  Supply Depot  
  19  1:29  Marine, SCV  
  21  1:42  Barracks, Orbital Command  
  21  1:47  Marine  
  21  1:50  Refinery  
  22  2:08  Marine, Supply Depot  
  23  2:26  Barracks Tech Lab  
  23  2:28  Marine  
  24  2:40  Supply Depot  
  24  2:46  Marine  
  24  2:48  Marine  
  26  3:04  Marine  
  27  3:06  Marauder  
  29  3:16  Supply Depot  
  29  3:22  Marine, SCV  
  31  3:27  Marauder  
  33  3:34  SCV  
  33  3:38  Engineering Bay  
  33  3:39  Marine  
  35  3:46  SCV  
  36  3:48  Marine  
  37  3:58  SCV  
  37  4:02  Supply Depot  
  38  4:07  Marauder  
  40  4:10  SCV  
  41  4:23  SCV  
  42  4:28  Marauder  
  44  4:49  Marauder  
  46  5:11  Marauder  
  48  5:32  Marauder  
  50  5:55  Barracks Tech Lab  
  50  5:56  Marine, Stimpack, Terran Infantry Weapons Level 1  
  51  5:58  Factory  
  51  6:01  Factory  
  51  6:03  Missile Turret  
  51  6:04  Missile Turret, Command Center  
  51  6:05  Supply Depot  
  51  6:12  Combat Shields  
  51  6:14  Marine  
  52  6:34  Bunker  
  52  6:35  Marine  
  44  6:41  Factory Tech Lab  
  44  6:42  Marine  
  30  6:48  Starport, Factory Tech Lab  
  30  6:53  Marine  
  31  7:00  Marine  
  32  7:05  Siege Tank  
  35  7:12  Marauder  
  37  7:19  Widow Mine  
  37  7:21  SCV  
  37  7:22  SCV  
  34  7:34  SCV  
  31  7:37  Hellion  
  31  7:38  Marine  
  30  7:46  Marine  
  25  7:52  Refinery  
  25  7:53  Siege Tank  
  19  8:00  Marine  
  19  8:07  Marine  
  19  8:10  SCV  
Tags
 
Add a new tag
Caveats
  • Supply blocks, unpowered buildings, or Contaminate may cause inaccurate times.
  • Supply counts are checked every 10 seconds.